 Dungeon Crawl Stone Soup version 0.30-a0-1043-g60ff8d5f49 (webtiles) character file.

Game seed: 3505232635120118848

263 NateTC the Trooper (level 6, -2/52 HPs)
             Began as a Formicid Fighter on Apr 10, 2023.
             Was an Initiate of Elyvilon.
             Slain by Grinder (6 damage)
             ... on level 4 of the Dungeon.
             The game lasted 00:04:25 (3255 turns).

NateTC the Trooper (Formicid Fighter)               Turns: 3255, Time: 00:04:26

Health: -2/52      AC: 13    Str: 26    XL:     6   Next: 43%
Magic:  6/6        EV:  6    Int:  8    God:    Elyvilon [......]
Gold:   109        SH:  5    Dex: 15    Spells: 5/5 levels left

rFire   . . .      SeeInvis +    a - +1 rapier
rCold   . . .      Faith    .    c - +0 buckler
rNeg    . . .      Spirit   .    e - +0 plate armour
rPois   .          Reflect  .    (helmet unavailable)
rElec   .          Rampage  .    (no cloak)
rCorr   .                        o - +0 pair of gloves
Will    .....                    (no boots) Stlth
                                 (no amulet)
HPRegen 0.28/turn                r - +6 ring of strength
MPRegen 0.10/turn                (no ring)

@: mighty
A: permanent stasis, dig shafts and tunnels, antennae 3, four strong arms
a: Dig, Shaft Self, Renounce Religion


You were on level 4 of the Dungeon.
You worshipped Elyvilon.
Elyvilon was noncommittal.
You visited 2 branches of the dungeon, and saw 5 of its levels.

You collected 109 gold pieces.

Inventory:

Hand Weapons
 a - a +1 rapier (weapon)
Missiles
 b - a throwing net
Armour
 c - a +0 buckler (worn)
 e - a +0 plate armour (worn)
 o - a +0 pair of gloves (worn)
Jewellery
 k - a ring of fire
 r - a +6 ring of strength (left hand)
Wands
 g - a wand of digging (4)
Scrolls
 f - a scroll of amnesia
 m - a scroll of enchant weapon
 p - 3 scrolls of fear
Potions
 h - a potion of haste
 i - a potion of degeneration {unknown}
 l - a potion of curing {unknown}
 q - a potion of resistance {unknown}
 t - a potion of invisibility {unknown}


   Skills:
 * Level 5.7 Fighting
 - Level 2.0 Short Blades
 + Level 4.6 Armour
 + Level 5.6 Shields


You had 5 spell levels left.
You didn't know any spells.
Your spell library contained the following spells:

 Spells                   Type           Power      Damage    Failure   Level
 Apportation              Tloc           0%         N/A       100%        1
 Beastly Appendage        Tmut           0%         N/A       100%        1
 Wereblood                Tmut           0%         N/A       100%        2
 Inner Flame              Hex/Fire       0%         N/A       100%        3
 Ozocubu's Armour         Ice            0%         N/A       100%        3
 Spider Form              Tmut/Pois      0%         N/A       100%        3
 Alistair's Intoxication  Tmut/Pois      0%         N/A       100%        5
 Metabolic Englaciation   Hex/Ice        0%         N/A       100%        5
 Yara's Violent Unravell  Hex/Tmut       0%         3d3       100%        5
 Simulacrum               Ice/Necr       0%         N/A       100%        6
 Enfeeble                 Hex            0%         N/A       100%        7


Dungeon Overview and Level Annotations

Branches:
Dungeon (4/15) Zot: 21062  Temple (1/1) D:4 Zot: 5579

Altars:
Ashenzari
Cheibriados
Dithmenos
Elyvilon
Gozag
Hepliaklqana
Kikubaaqudgha
Makhleb
Qazlal
Sif Muna
Trog
Uskayaw
Vehumet
Wu Jian
Xom
Zin

Annotations:
D:4 1 runed translucent door, Grinder; jimonade's ghost, amateur OgWr


Innate Abilities, Weirdness & Mutations

You cannot be hasted, slowed, berserked, paralysed or teleported.
You can dig through walls and to a lower floor.
You have a pair of large antennae on your head. (SInv)
Your four strong arms can wield two-handed weapons with a shield.


Message History

You are too injured to fight recklessly!
You are too injured to fight recklessly!
You are too injured to fight recklessly!
You are too injured to fight recklessly!
You are too injured to fight recklessly!
You are too injured to fight recklessly!
You are too injured to fight recklessly!
You are too injured to fight recklessly!
You are too injured to fight recklessly!
You are too injured to fight recklessly!
You barely miss Grinder.
Grinder is moderately wounded.
Grinder hits you but does no damage.
You hit Grinder.
Grinder is heavily wounded.
Grinder hits you but does no damage. You block Grinder's attack.
You barely miss Grinder.
Grinder is heavily wounded.
Grinder hits you.
You writhe in agony.
* * * LOW HITPOINT WARNING * * *
You closely miss Grinder.
Grinder is heavily wounded.
Grinder gestures at you. Pain shoots through your body!
* * * LOW HITPOINT WARNING * * *
You hit Grinder.
Grinder is heavily wounded.
Grinder hits you but does no damage.
You barely miss Grinder.
Grinder is heavily wounded.
Grinder barely misses you.
You feel very mighty all of a sudden. Grinder gestures at you.
Your stasis prevents you from being paralysed.
You puncture Grinder!
Grinder is severely wounded.
Grinder hits you.
* * * LOW HITPOINT WARNING * * *
You writhe in agony.
You die...

..........#)#
###########.#
###########.#
............########
##########......<... #
.......# #.######### .##
#..########....#888#...#
...+S~~~! #....8..[8#
#..###### ####..@5.8#
'........ #.8...8#
#.....##. #.#888##
#.....# #.####...#
#.....##.### #.######.##
#.....#......#.#........
#.....# #.##...+........
#................[......
#....≈≈≈≈≈≈≈.≈≈≈≈≈......


You could see Grinder.

Vanquished Creatures
  A black bear (D:4)
  A jelly (D:3)
  Robin (D:2)
  5 adders
  3 worms
  A dart slug (D:1)
  3 endoplasms
  6 giant cockroaches
  12 goblins
  6 hobgoblins
  2 jackals (D:1)
  8 kobolds
  5 quokkas
  4 ball pythons
  5 bats
  6 frilled lizards
  8 rats
77 creatures vanquished.

Notes
Turn   | Place    | Note
-------+----------+-------------------------------------------
     0 | D:1      | NateTC the Formicid Fighter began the quest for the Orb.
     0 | D:1      | Reached XP level 1. HP: 18/18 MP: 1/1
   236 | D:1      | Reached XP level 2. HP: 24/24 MP: 2/2
   315 | D:1      | Found a faded altar of an unknown god.
   519 | D:1      | Reached XP level 3. HP: 30/30 MP: 3/3
  1100 | D:2      | Reached XP level 4. HP: 38/38 MP: 4/4
  1327 | D:2      | Noticed Robin
  1382 | D:2      | Killed Robin
  1383 | D:2      | Reached XP level 5. HP: 38/43 MP: 5/5
  1564 | D:2      | Found a radiant altar of Vehumet.
  1684 | D:2      | Reached skill level 5 in Shields
  1881 | D:3      | Found a shadowy altar of Dithmenos.
  1946 | D:3      | Found a shimmering altar of Xom.
  2032 | D:3      | Reached skill level 5 in Fighting
  2219 | D:3      | Found a stormy altar of Qazlal.
  2535 | D:4      | Noticed a black bear
  2550 | D:4      | Killed a black bear
  2551 | D:4      | Reached XP level 6. HP: 45/52 MP: 6/6
  2602 | D:4      | Found a runed translucent door.
  2604 | D:4      | Noticed jimonade's ghost (amateur OgWr)
  2821 | D:4      | Found a staircase to the Ecumenical Temple.
  2830 | D:4      | Found an ornate altar of the Wu Jian Council.
  2832 | D:4      | Found a hazy altar of Hepliaklqana.
  2832 | D:4      | Noticed Grinder
  2871 | Temple   | Entered the Ecumenical Temple
  3218 | Temple   | Became a worshipper of Elyvilon the Healer
  3255 | D:4      | Slain by Grinder

Illustrated notes

Levels and vault maps discovered:
D:1:      dpeg_arrival_shelter, layout_basic,
          shapermc_ecumenical_altar_mp_vishouse, minmay_tree_intersection
D:2:      layout_loops_ring, basic_altar, st_stairs_13, uniq_robin
D:3:      layout_loops_ring, nicolae_qazlal_eye_of_the_storm,
          nicolae_dithmenos_through_a_glass_darkly, dk_xom_monty_hall,
          minmay_misc_feat_five
D:4:      layout_basic, mainiacjoe_overflow_alcove_4,
          mainiacjoe_overflow_catwalk_spiral, kennysheep_little_box,
          minmay_temple_entry_statues, ebering_ghost_sewer_d,
          cheibrodos_gnoll_hut, uniq_grinder
Temple:   chequers_temple_sunken

Skill      XL: |  1  2  3  4  5 |
---------------+----------------+-----
Fighting       | 4 5 |  5.7
Armour         | 4 |  4.6
Shields        | 5 |  5.6
Short Blades   | |  2.0

Action                     |  1- 3 |  4- 6 || total
---------------------------+-------+-------++-------
  Melee: Rapier            |   134 |   206 ||   340
Ability: Dig               |       |     1 ||     1
    Use: Scroll            |       |     8 ||     8
         Potion            |       |     1 ||     1
 Armour: Scale mail        |    67 |    51 ||   118
         Plate armour      |       |    50 ||    50
  Dodge: Dodged            |    57 |    64 ||   121
  Block: Buckler           |    39 |    43 ||    82

Table legend: (Time is in decaauts)
 A = Elapsed time spent in this place.
 B = Non-inter-level travel time spent in this place.
 C = Inter-level travel time spent in this place.
 D = Time resting spent in this place.
 E = Time spent auto-exploring this place.
 F = Levels seen in this place.
 G = Mean time per level.
                   A        B        C        D        E       F      G
               +--------+--------+--------+--------+--------+-----+--------+
         Total |   3357 |   3145 |    212 |    178 |   2250 |   5 |  671.4 |
       Dungeon |   2936 |   2759 |    177 |     25 |   2050 |   4 |  734.0 |
        Temple |    420 |    385 |     35 |    153 |    200 |   1 |  420.0 |
               +--------+--------+--------+--------+--------+-----+--------+

Top non-repeatable levels by time:
     D:1: 958 daAuts
     D:2: 904 daAuts
     D:3: 707 daAuts
  Temple: 420 daAuts
     D:4: 366 daAuts
